General information
- name: BNet
- type: Ladder team game (AT/RT)
- host: Battle.net
- saver: DOG.BOG.WOW
map: MarketSquare
- players: 8
- length: 80:14
- speed: Fast
- version: 1.27 W3XP
- replay type: Public
» download(361 KB)
Players
team 1 (winner)

»
suny (
pink | 44 APM | 1922 actions | 43:34)
6 Keeper of the Grove
3 Entangling Roots
2 Thorns Aura
1 Tranquility
5 Demon Hunter
3 Mana Burn
2 Evasion
» actions
| Assign group hotkey | 58 | |
| Basic commands | 85 | |
| Build / train | 121 | |
| ESC pressed | 4 | |
| Enter build submenu | 31 | |
| Enter hero's abilities submenu | 11 | |
| Give item / drop item | 1 | |
| Remove unit from queue | 1 | |
| Right click | 519 | |
| Select / deselect | 649 | |
| Select group hotkey | 239 | |
| Use ability | 203 | |
1922 total
» units
| Wisp | 28 | |
| Huntress | 6 | |
| Dryad | 10 | |
| Druid of the Claw | 14 | |
| Glaive Thrower | 7 | |
| Druid of the Talon | 12 | |
77 total
» upgrades
| Druid of the Claw Training | 2 | |
| Reinforced Hides | 3 | |
| Strength of the Wild | 3 | |
| Mark of the Claw | 1 | |
| Druid of the Talon Training | 2 | |
| Mark of the Talon | 1 | |
12 total
» buildings
| Altar of Elders | 1 | |
| Moon Well | 8 | |
| Ancient of War | 1 | |
| Hunter's Hall | 1 | |
| Tree of Ages | 1 | |
| Ancient of Wonders | 2 | |
| Ancient of Lore | 2 | |
| Tree of Life | 6 | |
| Tree of Eternity | 1 | |
| Ancient Protector | 3 | |
| Ancient of Wind | 1 | |
27 total
» build order
00:08 Altar of Elders
00:11 Moon Well
00:52 Moon Well
01:37 Ancient of War
02:13 Hunter's Hall
03:00 Moon Well
03:19 Tree of Ages
04:01 Ancient of Wonders
05:02 Moon Well
05:45 Ancient of Lore
06:01 Moon Well
07:11 Tree of Life
07:55 Ancient of Lore
08:39 Tree of Eternity
08:51 Tree of Life
10:17 Tree of Life
10:24 Ancient Protector
11:35 Ancient Protector
14:55 Ancient of Wonders
16:16 Ancient Protector
19:48 Moon Well
20:34 Ancient of Wind
23:04 Moon Well
29:54 Moon Well
31:05 Tree of Life
31:11 Tree of Life
35:35 Tree of Life
» items
| Scroll of Town Portal | 3 | |
| Dust of Appearance | 5 | |
| Scroll of Healing | 2 | |
| Scroll of Protection | 1 | |
| Circlet of Nobility | 2 | |
| Periapt of Vitality | 2 | |
| Potion of Lesser Invulnerability | 1 | |
16 total
DOG.BOG.WOW (
teal | 51 APM | 4055 actions | 80:14)
6 Blademaster
3 Wind Walk
2 Critical Strike
1 Bladestorm
5 Shadow Hunter
2 Hex
3 Healing Wave
» actions
| Assign group hotkey | 35 | |
| Basic commands | 233 | |
| Build / train | 67 | |
| Enter build submenu | 30 | |
| Enter hero's abilities submenu | 11 | |
| Give item / drop item | 24 | |
| Right click | 1717 | |
| Select / deselect | 541 | |
| Select group hotkey | 1249 | |
| Use ability | 144 | |
4055 total
» units
| Peon | 15 | |
| Grunt | 3 | |
| Wind Rider | 12 | |
| Demolisher | 2 | |
| Raider | 2 | |
34 total
» upgrades
| Reinforced Defenses | 1 | |
| Envenomed Spears | 1 | |
| Ranged Weapons | 2 | |
| Armor | 2 | |
6 total
» buildings
| Altar of Storms | 1 | |
| Orc Burrow | 7 | |
| Barracks | 1 | |
| Voodoo Lounge | 1 | |
| Stronghold | 2 | |
| War Mill | 1 | |
| Great Hall | 4 | |
| Beastiary | 3 | |
| Watch Tower | 15 | |
| Fortress | 2 | |
37 total
» build order
00:09 Altar of Storms
00:23 Orc Burrow
00:37 Barracks
01:25 Orc Burrow
01:59 Voodoo Lounge
03:02 Stronghold
03:24 War Mill
04:34 Great Hall
04:44 Orc Burrow
05:32 Beastiary
06:00 Watch Tower
06:00 Watch Tower
06:53 Beastiary
07:20 Watch Tower
07:20 Watch Tower
07:38 Watch Tower
08:30 Fortress
08:31 Fortress
09:11 Orc Burrow
10:15 Watch Tower
10:16 Watch Tower
10:16 Watch Tower
10:22 Orc Burrow
11:40 Watch Tower
11:40 Watch Tower
11:59 Watch Tower
14:08 Beastiary
14:11 Orc Burrow
14:37 Watch Tower
14:37 Watch Tower
14:38 Watch Tower
14:38 Watch Tower
18:54 Orc Burrow
19:12 Stronghold
19:34 Great Hall
20:51 Great Hall
21:25 Great Hall
» items
| Healing Salve | 1 | |
| Scroll of Town Portal | 5 | |
| Scroll of Healing | 1 | |
| Potion of Lesser Invulnerability | 1 | |
| Staff of Teleportation | 2 | |
10 total
Tzar (
blue | 95 APM | 2929 actions | 30:50)
6 Warden
3 Shadow Strike
2 Blink
1 Spirit of Vengeance
3 Priestess of the Moon
2 Trueshot Aura
1 Searing Arrows
» actions
| Assign group hotkey | 643 | |
| Basic commands | 5 | |
| Build / train | 90 | |
| ESC pressed | 1 | |
| Enter build submenu | 20 | |
| Enter hero's abilities submenu | 10 | |
| Remove unit from queue | 9 | |
| Right click | 1227 | |
| Select / deselect | 409 | |
| Select group hotkey | 377 | |
| Use ability | 136 | |
2929 total
» units
» upgrades
| Strength of the Wild | 3 | |
| Corrosive Breath | 1 | |
| Reinforced Hides | 3 | |
| Well Spring | 1 | |
| Ultravision | 1 | |
| Nature's Blessing | 1 | |
10 total
» buildings
| Altar of Elders | 1 | |
| Moon Well | 6 | |
| Ancient of War | 1 | |
| Tree of Ages | 4 | |
| Hunter's Hall | 1 | |
| Tree of Eternity | 1 | |
| Ancient of Wind | 1 | |
| Chimaera Roost | 3 | |
| Ancient of Wonders | 1 | |
| Tree of Life | 2 | |
21 total
» build order
00:29 Altar of Elders
00:38 Moon Well
00:54 Ancient of War
01:40 Moon Well
02:15 Moon Well
02:49 Tree of Ages
02:50 Tree of Ages
02:50 Tree of Ages
03:17 Hunter's Hall
04:27 Moon Well
05:14 Tree of Eternity
05:21 Ancient of Wind
05:30 Moon Well
06:25 Moon Well
07:49 Chimaera Roost
07:50 Chimaera Roost
07:52 Chimaera Roost
15:02 Ancient of Wonders
20:29 Tree of Life
22:48 Tree of Life
» items
Stiltz (
red | 43 APM | 3366 actions | 78:54)
5 Priestess of the Moon
3 Trueshot Aura
2 Searing Arrows
4 Keeper of the Grove
2 Thorns Aura
2 Force of Nature
» actions
| Assign group hotkey | 126 | |
| Basic commands | 209 | |
| Build / train | 328 | |
| ESC pressed | 1 | |
| Enter build submenu | 38 | |
| Enter hero's abilities submenu | 9 | |
| Remove unit from queue | 34 | |
| Right click | 1014 | |
| Select / deselect | 1085 | |
| Select group hotkey | 447 | |
| Use ability | 75 | |
3366 total
» units
| Wisp | 31 | |
| Archer | 133 | |
| Glaive Thrower | 21 | |
| Huntress | 52 | |
| Chimaera | 24 | |
261 total
» upgrades
| Strength of the Moon | 3 | |
| Moon Armor | 3 | |
| Improved Bows | 1 | |
| Marksmanship | 1 | |
| Ultravision | 1 | |
| Nature's Blessing | 1 | |
| Well Spring | 1 | |
| Vorpal Blades | 1 | |
| Upgrade Moon Glaive | 1 | |
| Corrosive Breath | 1 | |
| Strength of the Wild | 3 | |
| Reinforced Hides | 3 | |
20 total
» buildings
| Altar of Elders | 1 | |
| Ancient of War | 2 | |
| Moon Well | 11 | |
| Hunter's Hall | 1 | |
| Ancient Protector | 4 | |
| Tree of Ages | 1 | |
| Tree of Eternity | 1 | |
| Tree of Life | 5 | |
| Ancient of Wind | 1 | |
| Chimaera Roost | 2 | |
29 total
» build order
00:28 Altar of Elders
00:38 Ancient of War
00:53 Moon Well
01:51 Moon Well
02:05 Moon Well
02:56 Hunter's Hall
03:06 Moon Well
04:05 Ancient Protector
04:45 Ancient of War
04:56 Ancient Protector
05:24 Moon Well
05:41 Tree of Ages
07:01 Ancient Protector
09:11 Tree of Eternity
09:30 Ancient Protector
10:11 Tree of Life
19:55 Moon Well
20:03 Moon Well
22:04 Moon Well
23:03 Moon Well
26:14 Tree of Life
29:47 Tree of Life
44:45 Tree of Life
45:08 Moon Well
45:18 Moon Well
62:14 Ancient of Wind
62:43 Tree of Life
63:22 Chimaera Roost
63:26 Chimaera Roost
team 2 (loser)

»
littlep2000 (
yellow | 41 APM | 764 actions | 18:35)
3 Keeper of the Grove
2 Entangling Roots
1 Thorns Aura
» actions
| Basic commands | 13 | |
| Build / train | 62 | |
| Enter build submenu | 16 | |
| Enter hero's abilities submenu | 4 | |
| Remove unit from queue | 1 | |
| Right click | 339 | |
| Select / deselect | 289 | |
| Use ability | 40 | |
764 total
» units
| Wisp | 21 | |
| Archer | 6 | |
| Huntress | 9 | |
| Dryad | 7 | |
| Mountain Giant | 2 | |
45 total
» upgrades
| Strength of the Moon | 2 | |
| Sentinel | 1 | |
| Moon Armor | 1 | |
| Reinforced Hides | 1 | |
| Abolish Magic | 1 | |
| Hardened Skin | 1 | |
| Resistant Skin | 1 | |
8 total
» buildings
| Altar of Elders | 1 | |
| Ancient of War | 1 | |
| Moon Well | 7 | |
| Ancient of Wonders | 1 | |
| Hunter's Hall | 1 | |
| Tree of Ages | 1 | |
| Tree of Life | 1 | |
| Ancient Protector | 2 | |
| Ancient of Lore | 2 | |
| Tree of Eternity | 1 | |
18 total
» build order
00:41 Altar of Elders
00:54 Ancient of War
01:34 Moon Well
01:48 Moon Well
01:52 Moon Well
02:13 Moon Well
02:59 Ancient of Wonders
03:24 Hunter's Hall
03:40 Moon Well
04:25 Moon Well
05:38 Tree of Ages
06:41 Tree of Life
07:19 Ancient Protector
09:10 Ancient Protector
09:32 Ancient of Lore
09:35 Ancient of Lore
11:52 Tree of Eternity
15:13 Moon Well
» items
| Scroll of Town Portal | 1 | |
| Potion of Lesser Invulnerability | 1 | |
2 total
Trump (
orange | 83 APM | 6663 actions | 80:12)
10 Blademaster
3 Wind Walk
3 Critical Strike
1 Bladestorm
3 Mirror Image
2 Tauren Chieftain
1 Endurance Aura
1 War Stomp
» actions
| Assign group hotkey | 189 | |
| Basic commands | 26 | |
| Build / train | 132 | |
| Enter build submenu | 71 | |
| Enter hero's abilities submenu | 12 | |
| Give item / drop item | 23 | |
| Remove unit from queue | 1 | |
| Right click | 3852 | |
| Select / deselect | 336 | |
| Select group hotkey | 1119 | |
| Use ability | 902 | |
6663 total
» units
| Peon | 16 | |
| Grunt | 4 | |
| Wind Rider | 13 | |
| Wisp | 17 | |
50 total
» upgrades
| Armor | 3 | |
| Berserker Strength | 1 | |
| Pillage | 1 | |
| Reinforced Defenses | 1 | |
| Ranged Weapons | 3 | |
| Envenomed Spears | 1 | |
| Liquid Fire | 1 | |
| Well Spring | 1 | |
| Nature's Blessing | 1 | |
| Spiked Barricades | 3 | |
16 total
» buildings
| Orc Burrow | 6 | |
| Barracks | 1 | |
| Altar of Storms | 1 | |
| Voodoo Lounge | 1 | |
| Stronghold | 2 | |
| Great Hall | 2 | |
| War Mill | 1 | |
| Watch Tower | 27 | |
| Fortress | 3 | |
| Beastiary | 6 | |
| Ancient Protector | 10 | |
| Moon Well | 19 | |
| Altar of Elders | 1 | |
80 total
» build order
00:10 Orc Burrow
01:23 Orc Burrow
01:27 Barracks
01:30 Altar of Storms
01:34 Voodoo Lounge
02:17 Orc Burrow
02:19 Orc Burrow
04:55 Stronghold
04:56 Stronghold
05:27 Great Hall
05:43 War Mill
07:59 Watch Tower
08:00 Watch Tower
08:03 Watch Tower
08:12 Fortress
08:12 Fortress
08:13 Fortress
09:44 Watch Tower
09:46 Watch Tower
11:27 Beastiary
11:30 Beastiary
11:34 Beastiary
11:36 Beastiary
11:38 Beastiary
11:53 Beastiary
14:20 Watch Tower
14:21 Watch Tower
14:23 Watch Tower
14:25 Watch Tower
14:27 Watch Tower
14:30 Watch Tower
16:51 Great Hall
17:01 Watch Tower
17:17 Watch Tower
18:42 Watch Tower
18:44 Watch Tower
19:31 Ancient Protector
19:32 Ancient Protector
19:33 Ancient Protector
19:34 Ancient Protector
19:36 Ancient Protector
19:40 Ancient Protector
19:47 Watch Tower
19:49 Watch Tower
19:51 Watch Tower
22:59 Ancient Protector
23:01 Ancient Protector
25:14 Orc Burrow
25:15 Orc Burrow
25:20 Moon Well
25:20 Moon Well
25:21 Moon Well
25:21 Moon Well
25:22 Moon Well
25:22 Moon Well
27:34 Watch Tower
27:36 Watch Tower
27:37 Watch Tower
27:38 Watch Tower
27:40 Watch Tower
27:42 Watch Tower
27:43 Watch Tower
27:44 Watch Tower
27:47 Watch Tower
27:58 Moon Well
27:59 Moon Well
28:00 Moon Well
28:01 Moon Well
28:02 Moon Well
28:02 Moon Well
28:04 Moon Well
28:05 Moon Well
28:05 Moon Well
28:06 Moon Well
28:07 Moon Well
28:09 Moon Well
28:09 Moon Well
28:36 Ancient Protector
28:38 Ancient Protector
56:20 Altar of Elders
» items
| Healing Salve | 4 | |
| Lesser Clarity Potion | 6 | |
| Scroll of Town Portal | 3 | |
| Orb of Lightning | 1 | |
| Potion of Mana | 3 | |
| Potion of Healing | 2 | |
| Scroll of Speed | 1 | |
20 total

»
GGHillaryGG (
purple | 61 APM | 1114 actions | 18:19)
4 Demon Hunter
2 Mana Burn
2 Evasion
3 Keeper of the Grove
2 Entangling Roots
1 Thorns Aura
» actions
| Assign group hotkey | 17 | |
| Basic commands | 1 | |
| Build / train | 53 | |
| Enter build submenu | 13 | |
| Enter hero's abilities submenu | 7 | |
| Give item / drop item | 4 | |
| Right click | 589 | |
| Select / deselect | 275 | |
| Select group hotkey | 123 | |
| Use ability | 31 | |
1114 total
» units
» upgrades
| Improved Bows | 1 | |
| Strength of the Wild | 3 | |
| Druid of the Claw Training | 2 | |
| Abolish Magic | 1 | |
| Reinforced Hides | 3 | |
| Mark of the Claw | 1 | |
11 total
» buildings
| Altar of Elders | 1 | |
| Moon Well | 7 | |
| Ancient of War | 1 | |
| Ancient of Wonders | 1 | |
| Tree of Ages | 1 | |
| Hunter's Hall | 1 | |
| Ancient of Lore | 2 | |
| Tree of Eternity | 1 | |
15 total
» build order
00:29 Altar of Elders
00:36 Moon Well
00:50 Ancient of War
01:31 Moon Well
02:14 Ancient of Wonders
02:54 Tree of Ages
03:44 Moon Well
04:23 Hunter's Hall
04:42 Moon Well
05:43 Ancient of Lore
05:47 Ancient of Lore
07:16 Tree of Eternity
09:37 Moon Well
09:38 Moon Well
10:34 Moon Well
» items
| Boots of Speed | 1 | |
| Potion of Lesser Invulnerability | 1 | |
| Healing Salve | 1 | |
| Scroll of Town Portal | 1 | |
4 total

»
bob-the-builder (
green | 17 APM | 297 actions | 17:29)
3 Tauren Chieftain
2 War Stomp
1 Endurance Aura
» actions
| Assign group hotkey | 10 | |
| Basic commands | 18 | |
| Build / train | 35 | |
| ESC pressed | 2 | |
| Enter build submenu | 24 | |
| Enter hero's abilities submenu | 3 | |
| Right click | 43 | |
| Select / deselect | 72 | |
| Select group hotkey | 60 | |
| Use ability | 30 | |
297 total
» units
» upgrades
| Armor | 1 | |
| Melee Weapons | 2 | |
| Berserker Strength | 1 | |
4 total
» buildings
| Orc Burrow | 6 | |
| Barracks | 2 | |
| Altar of Storms | 1 | |
| War Mill | 1 | |
| Voodoo Lounge | 1 | |
| Watch Tower | 11 | |
| Great Hall | 2 | |
| Stronghold | 1 | |
| Fortress | 1 | |
26 total
» build order
00:27 Orc Burrow
00:45 Barracks
01:03 Altar of Storms
01:42 War Mill
02:02 Barracks
02:18 Voodoo Lounge
03:07 Orc Burrow
03:20 Orc Burrow
03:36 Watch Tower
03:52 Watch Tower
06:53 Great Hall
06:58 Watch Tower
07:30 Watch Tower
07:36 Watch Tower
09:03 Watch Tower
09:13 Watch Tower
09:18 Watch Tower
09:28 Watch Tower
10:10 Watch Tower
10:16 Stronghold
10:28 Watch Tower
10:39 Orc Burrow
11:12 Orc Burrow
11:18 Orc Burrow
14:14 Fortress
16:56 Great Hall
Chat log
(00:13 / All) DOG.BOG.WOW: trump #1
(00:13 / All) bob-the-builder: it's the real genuine Trump
(00:21 / All) Trump: I won another debate
(00:23 / All) Trump: Hillary BTFO
(00:31 / All) GGHillaryGG: ^
(00:31 / All) DOG.BOG.WOW: hilary is a criminal trump is honest
(00:48 / All) Trump: Trump is gonna make America great again
(01:02 / Allies) Tzar: chims
(01:05 / Allies) Tzar: someone get aa
(01:09 / Allies) DOG.BOG.WOW: wyvern
(01:15 / Allies) Tzar: some bats too yea
(02:32 / Allies) DOG.BOG.WOW: pink help me expo plz?
(02:34 / Allies) DOG.BOG.WOW: in 1 min
(02:48 / Allies) suny: ok
(04:46 / Allies) DOG.BOG.WOW: thx
(05:37 / Allies) DOG.BOG.WOW: wood plz
(05:37 / Allies) Tzar: wood?
(05:41 / Allies) Tzar: lol
(05:49 / Allies) DOG.BOG.WOW: funny blue !
(05:58 / Allies) Tzar: i didnt actually lol
(06:10 / Allies) suny: teal
(07:08 / Allies) DOG.BOG.WOW: i give u talisman
(07:12 / Allies) suny: ty
(07:55 / Allies) DOG.BOG.WOW: purple
(09:20 / Allies) DOG.BOG.WOW: lets hit top middld expo soon k?
(09:22 / Allies) DOG.BOG.WOW: in 1 min
(09:31 / Allies) DOG.BOG.WOW: tp to my expo if they hit
(10:30 / Allies) DOG.BOG.WOW: we have to hit
(10:33 / Allies) DOG.BOG.WOW: they have epxo advantage prob
(10:38 / Allies) DOG.BOG.WOW: meet
(10:49 / Allies) Tzar: hit expos
(11:17 / All) Trump: Two claws + 9 mask of death ring of regen and your team has to be all nelf
(11:19 / All) Trump: fucking hell
(11:47 / Allies) DOG.BOG.WOW: hot top left
(13:26 / Allies) Tzar: gold
(13:27 / All) bob-the-builder: yellow and purple wtf
(13:27 / Allies) Tzar: i have wood
(14:17 / Allies) DOG.BOG.WOW: wood plz blue
(14:49 / Allies) DOG.BOG.WOW: tp if they hit 2nd expo
(15:26 / Allies) Tzar: red why archers all game
(16:14 / Allies) DOG.BOG.WOW: bying tp
(16:18 / Allies) DOG.BOG.WOW: lets hit top left agian
(16:45 / Allies) DOG.BOG.WOW: b
(16:45 / Allies) DOG.BOG.WOW: b
(16:47 / Allies) DOG.BOG.WOW: omw
(16:48 / Allies) DOG.BOG.WOW: stay
(17:02 / Allies) DOG.BOG.WOW: go
(17:14 / Allies) DOG.BOG.WOW: purple in middle
(19:38 / Allies) DOG.BOG.WOW: wood plz getting siege
(20:12 / Allies) Tzar: wtf teal
(20:13 / Allies) Tzar: you pos
(20:17 / Allies) DOG.BOG.WOW: what
(20:23 / Allies) Tzar: you killed my hero
(20:28 / Allies) DOG.BOG.WOW: oh lol
(20:31 / Allies) DOG.BOG.WOW: wood plz
(21:09 / Allies) DOG.BOG.WOW: blue is tker
(21:11 / Allies) Tzar: its a weird time to bs
(21:38 / All) DOG.BOG.WOW: blue said my mother was ugly
(21:55 / Allies) Tzar: she probably is dude
(21:59 / All) Trump: He should apologise for that
(22:09 / All) Tzar: she sucks a mean cock though
(22:15 / All) DOG.BOG.WOW: lol
(23:24 / All) DOG.BOG.WOW: DIE BLUE
(23:38 / All) Trump: +32 now
(24:33 / All) Trump: 312
(24:55 / All) DOG.BOG.WOW: die warden
(25:21 / All) suny: leave scrub
(25:26 / All) Trump: You leave
(26:47 / All) Trump: Leave scrub
(26:54 / Allies) DOG.BOG.WOW: b
(26:54 / Allies) DOG.BOG.WOW: b
(26:55 / Allies) DOG.BOG.WOW: b
(27:01 / All) suny: yah ur bm is gonna win the game.. dumbass
(27:04 / All) suny: admit defeat
(27:20 / All) Trump: why don't you
(27:27 / All) Trump: you won't see defeat even when it's right at your doorstep
(28:38 / Allies) DOG.BOG.WOW: creep
(29:54 / All) Trump: out
(29:55 / All) DOG.BOG.WOW: lawl
(29:56 / All) DOG.BOG.WOW: wtf
(30:41 / All) Trump: +42
(30:49 / All) DOG.BOG.WOW: fucking dagger
(30:50 / All) Trump: jesus christ
(31:03 / All) Trump: 376 crit
(31:15 / All) Trump: 384
(31:28 / All) DOG.BOG.WOW: ur soloing reds army
(31:34 / All) Trump: oh shit lol
(31:36 / All) DOG.BOG.WOW: cept for that lawl
(31:38 / All) DOG.BOG.WOW: fuckign pink!
(31:42 / All) Trump: oh well can tavern it
(31:46 / All) Trump: I was totally out of range there
(31:54 / All) DOG.BOG.WOW: creep that
(32:04 / All) Trump: those don't give good items
(32:35 / All) DOG.BOG.WOW: creep mid left
(32:38 / All) DOG.BOG.WOW: pink
(33:13 / Allies) DOG.BOG.WOW: pink u have units red base
(33:50 / All) Trump: bullshit
(34:27 / All) DOG.BOG.WOW: orb of frost
(34:35 / All) Trump: those suck
(34:39 / All) Trump: especially when I have +42 of claws
(35:06 / All) DOG.BOG.WOW: my bm got 3 freaking intelligence tomes off those creeps that give exp tomes
(35:16 / All) Trump: that's good, extra mana
(35:19 / Allies) suny: teal gimme ur gold
(35:43 / All) Trump: 392
(35:48 / All) DOG.BOG.WOW: christ
(36:11 / All) Trump: 368
(36:16 / All) DOG.BOG.WOW: holy shit lol
(36:17 / All) DOG.BOG.WOW: dude
(36:20 / All) DOG.BOG.WOW: ur bm is godly
(36:32 / All) Trump: I wish I had a pendant of energy
(36:35 / All) DOG.BOG.WOW: imba
(36:48 / All) DOG.BOG.WOW: dude
(36:52 / All) Trump: +42
(36:52 / All) DOG.BOG.WOW: godly bm
(36:57 / Allies) suny: teal come
(36:59 / Allies) suny: lets end him
(37:08 / Allies) DOG.BOG.WOW: lets finish yellow he building prob
(37:10 / Allies) DOG.BOG.WOW: yellow building
(37:18 / Allies) suny: yellow gone
(37:20 / Allies) suny: its only oj
(37:51 / Allies) suny: teal just come here
(37:58 / Allies) DOG.BOG.WOW: yelllow rebuilding
(37:59 / Allies) DOG.BOG.WOW: i scouted
(38:52 / Allies) suny: dude we have to kill oj
(38:58 / Allies) DOG.BOG.WOW: i know yellow is rebuilidng i thought tho
(39:04 / Allies) suny: fuck idiot
(39:32 / Allies) suny: teal where u going???
(39:41 / Allies) DOG.BOG.WOW: getting item forgot
(40:33 / All) Trump: that was close
(40:40 / Allies) suny: RED COME
(41:42 / All) Trump: 400 crit
(41:51 / All) DOG.BOG.WOW: lol
(42:08 / All) Trump: 404
(43:01 / All) Trump: lol
(43:07 / All) suny: NO backup whatsoever
(43:08 / All) Trump: sure my bm can't solo your team?
(43:10 / All) suny: retarded team
(43:13 / All) Trump: owned scrub
(43:13 / All) DOG.BOG.WOW: we hit purle instead of oj
(43:20 / All) Trump: learn to play orange
(43:25 / All) suny: you idiots..
(44:11 / All) DOG.BOG.WOW: god damn dagger
(44:13 / All) DOG.BOG.WOW: again
(44:30 / All) Trump: two 380 crits in a row
(44:31 / All) Trump: then a 364
(44:33 / All) Trump: and 356
(44:39 / All) DOG.BOG.WOW: u killed it so fast my tp staff didnt even show
(45:02 / Allies) DOG.BOG.WOW: my bad red was late on tp
(45:03 / All) Trump: this is awesome
(45:26 / Allies) DOG.BOG.WOW: rez hero tavern red
(46:14 / All) Trump: red how long you been playing?
(46:35 / All) Trump: 392
(46:45 / All) DOG.BOG.WOW: unkillable bm
(46:51 / All) DOG.BOG.WOW: fucking daggers
(47:08 / All) Trump: I could have +48 if I had another +15 claw
(47:17 / All) Trump: 412
(47:24 / All) DOG.BOG.WOW: i never got crits that hihg
(47:31 / All) Trump: 408
(47:39 / All) Trump: 408
(47:52 / All) Trump: Red how long you been playing this game for?
(49:00 / All) Trump: I wonder if that pendant is worth it over a ring of regen
(49:19 / All) DOG.BOG.WOW: haste gloves helps too better than ring
(49:20 / All) DOG.BOG.WOW: for sure
(49:21 / All) Trump: or if that gloves of haste is better than a claws +9
(49:25 / All) DOG.BOG.WOW: replace
(49:27 / All) DOG.BOG.WOW: the ring of prot
(49:31 / All) Trump: no
(49:33 / All) Trump: ring of regen
(49:36 / All) DOG.BOG.WOW: yea
(49:39 / All) DOG.BOG.WOW: i think that useless
(49:39 / All) Trump: not sure, pendant or gloves?
(51:02 / All) Trump: 396 crit
(51:04 / All) Trump: instakill that kotg
(51:51 / All) DOG.BOG.WOW: was in bathroom
(51:55 / All) DOG.BOG.WOW: what i miss
(52:04 / All) DOG.BOG.WOW: my bms hp dropped like 1/3 in one hit
(53:29 / All) DOG.BOG.WOW: if only we had one more fucking claws 15
(53:34 / All) DOG.BOG.WOW: u would do like
(53:40 / All) DOG.BOG.WOW: 480 crits
(53:44 / All) Trump: yeah
(54:06 / All) Trump: click the dots by your minimap red
(54:08 / All) Trump: and you move faster
(54:10 / All) DOG.BOG.WOW: reds potm does hurt a lot
(54:16 / All) DOG.BOG.WOW: his bonus attack
(55:13 / All) DOG.BOG.WOW: oh shit red won that battle lawl
(55:49 / All) DOG.BOG.WOW: greens bm has 6 claws
(55:51 / All) DOG.BOG.WOW: tc
(55:58 / All) Trump: yea but that sucks
(56:08 / All) DOG.BOG.WOW: see ifyellow hero has claws
(56:17 / All) DOG.BOG.WOW: pinks hero dont
(56:24 / All) Trump: k
(56:27 / All) Trump: purp's doesn't
(56:28 / All) DOG.BOG.WOW: did that infenro stone help
(56:32 / All) DOG.BOG.WOW: in that battle at ur base
(56:36 / All) Trump: but it wouldn't be claws +15
(56:39 / All) Trump: so not an improvement
(56:44 / All) Trump: I think gloves of haste and mask of death are better
(56:49 / All) Trump: than a claws +6
(56:53 / All) Trump: or 9
(57:45 / All) Trump: feels like I am killing campaign ai or something
(57:49 / All) Trump: that just doesn't stop spawning
(57:58 / All) Trump: and I have a special campaign hero unit
(58:00 / All) DOG.BOG.WOW: lol
(58:01 / All) Trump: or like a custom map
(58:04 / All) DOG.BOG.WOW: i wonder if he knows english
(58:24 / All) Trump: yeah it's more like some custom maps back in the day
(58:25 / All) DOG.BOG.WOW: wht language is a stiltz
(58:52 / All) Trump: 412
(58:54 / All) DOG.BOG.WOW: 412 highest
(58:55 / All) DOG.BOG.WOW: so far
(59:01 / All) Trump: wasn't there one a little higher
(59:07 / All) DOG.BOG.WOW: prob
(59:18 / All) Trump: I think I might've got a 418
(59:23 / All) Trump: I got a 412 once before that i noticed
(60:25 / All) DOG.BOG.WOW: man that bm
(60:27 / All) DOG.BOG.WOW: is crazy
(60:36 / All) Trump: I wish I had one of these every game
(60:41 / All) Trump: I'd never lose
(60:47 / All) DOG.BOG.WOW: hunts and towers and he can sitll own shit
(61:07 / All) Trump: 25 hp lol
(61:09 / All) Trump: that was close
(61:18 / All) DOG.BOG.WOW: red getting better
(61:25 / All) DOG.BOG.WOW: right foot ahead of the left
(62:47 / All) Trump: I took the pendant of energy and ring of regen to my base for safekeeping
(64:23 / All) DOG.BOG.WOW: another
(64:24 / All) DOG.BOG.WOW: 412
(64:38 / All) DOG.BOG.WOW: this honestly can only make red better
(64:41 / All) DOG.BOG.WOW: so he should feel good
(64:50 / All) DOG.BOG.WOW: watch the replay and learn how he can improve,
(65:28 / All) Trump: Tojara
(65:34 / All) Trump: The greatest blademaster
(65:38 / All) DOG.BOG.WOW: i am tojara
(65:45 / All) Trump: 3 claws +9, claws +15, gloves of haste, mask of death
(66:38 / All) Trump: lol
(66:52 / All) DOG.BOG.WOW: red is improving, ay e?
(69:23 / All) DOG.BOG.WOW: didnt evn seehis chims
(71:43 / All) Trump: Red is so clueless
(73:05 / All) DOG.BOG.WOW: hes tking me lol
(73:06 / All) DOG.BOG.WOW: wow
(73:14 / All) DOG.BOG.WOW: i gain 100+ respect for him
(73:20 / All) Trump: LOL
(73:37 / All) DOG.BOG.WOW: he aint as clueless as wethought
(73:46 / All) Trump: he plays like an AI
(74:10 / All) DOG.BOG.WOW: guess that answers quesiton of him being a bot
(74:36 / All) DOG.BOG.WOW: wow
(74:45 / All) DOG.BOG.WOW: i totally am proud of him
(75:40 / All) Trump: lol
(75:56 / All) Trump: I wonder how many hero kills I have
(76:00 / All) DOG.BOG.WOW: he really isnt as clueless as we thought
(76:04 / All) DOG.BOG.WOW: im guessing 28
(76:10 / All) DOG.BOG.WOW: 32
(76:13 / All) DOG.BOG.WOW: u get 2 guesses
(76:16 / All) DOG.BOG.WOW: 28 or 32
(77:13 / All) DOG.BOG.WOW: ur guesses?
(77:24 / All) Trump: not sure
(77:44 / All) DOG.BOG.WOW: plz guess
(77:47 / All) DOG.BOG.WOW: winner gets
(77:51 / All) DOG.BOG.WOW: 20 dollawr amazon ced
(78:05 / All) Trump: Closer to 28 if I had to pick
(78:08 / All) Trump: out of those two
(78:12 / All) DOG.BOG.WOW: let red rez hero one last time
(78:26 / All) Trump: he canceled
(78:28 / All) DOG.BOG.WOW: lawl
(78:32 / All) DOG.BOG.WOW: this guy is dicking with us
(78:35 / All) DOG.BOG.WOW: u believe this
(78:41 / All) Trump: wow he started it again
(78:50 / All) Stiltz: takes a fag to know a fag, huh?
(78:53 / All) DOG.BOG.WOW: LAWL
(78:57 / All) Trump: HOLY SHIT HE SPEAKS
(78:58 / All) DOG.BOG.WOW: oh man
(79:06 / All) DOG.BOG.WOW: he knew
(79:08 / All) DOG.BOG.WOW: all this time
(79:09 / All) DOG.BOG.WOW: heknew
(79:28 / All) DOG.BOG.WOW: pink 143 152
(79:34 / All) DOG.BOG.WOW: blue 8 14
(79:42 / All) DOG.BOG.WOW: red 5 12
(79:43 / All) Trump: wow those records are horrible
(79:45 / All) DOG.BOG.WOW: low ell gmae
(79:49 / All) DOG.BOG.WOW: we were top ell player
(79:50 / All) DOG.BOG.WOW: lets
(79:52 / All) Trump: green 223-258
(79:59 / All) DOG.BOG.WOW: i dc who wins
(80:04 / All) Trump: yellow 15-14
(80:08 / All) Trump: yellow lose